 Dungeon Crawl Stone Soup version 0.21.1-1-g345015f (webtiles) character file.

40077 shakethe the Reanimator (level 13, -6/98 HPs)
             Began as a Demonspawn Necromancer on Feb 16, 2018.
             Was a High Priest of Makhleb.
             Killed from afar by a deep elf mage (21 damage)
             ... with a shard of ice
             ... on level 14 of the Dungeon.
             The game lasted 01:48:56 (19117 turns).

shakethe the Reanimator (Demonspawn Necromancer)   Turns: 19117, Time: 01:48:56

Health: -6/98      AC:  9    Str: 11    XL:     13   Next: 72%
Magic:  36/42      EV: 15    Int: 20    God:    Makhleb [*****.]
Gold:   1334       SH:  0    Dex: 15    Spells: 19/31 levels left

rFire    . . .     SeeInvis +   j - +3 morningstar
rCold    . . .     Gourm    .   (no shield)
rNeg     . . .     Faith    .   L - +0 troll leather armour {regen}
rPois    +         Spirit   .   Q - -4 helmet of Ileshrase {rPois MR+ Slay-4 SInv}
rElec    .         Reflect  .   p - +2 cloak
rCorr    .         Harm     .   d - +1 pair of gloves
MR       +....                  (boots unavailable)
Stlth    ++++......             (no amulet)
HPRegen  1.66/turn              v - ring of magical power {MP+9}
MPRegen  0.28/turn              V - ring of magical power {MP+9}

@: regenerating
A: talons 3, slimy green scales 1, low mp 1, nightstalker 1, powered by death 2,
strong 1
a: Minor Destruction, Lesser Servant of Makhleb, Major Destruction, Greater
Servant of Makhleb, Renounce Religion


You were on level 14 of the Dungeon.
You worshipped Makhleb.
Makhleb was extremely pleased with you.
You were very hungry.

You visited 2 branches of the dungeon, and saw 15 of its levels.
You also visited: Labyrinth and Ice Cave.

You collected 1334 gold pieces.

Inventory:

Hand Weapons
 j - a +3 morningstar (weapon)
   (You took it off a wight on level 8 of the Dungeon)
Missiles
 t - a throwing net {=f, !d}
Armour
 b - the +4 robe of Augmentation {Str+4 Int+4 Dex+4}
   (You found it on level 12 of the Dungeon)

   It affects your strength (+4).
   It affects your intelligence (+4).
   It affects your dexterity (+4).
 d - a +1 pair of gloves (worn)
   (You found it on level 1 of the Dungeon)
 p - a +2 cloak (worn)
   (You found it on level 3 of the Dungeon)
 L - a +0 troll leather armour (worn) {regen}
   (You found it on level 10 of the Dungeon)
 M - a +2 animal skin of cold resistance
   (You found it in an ice cave)
 Q - the -4 helmet of Ileshrase (worn) {rPois MR+ Slay-4 SInv}
   (You found it in a labyrinth)

   It affects your accuracy and damage with ranged weapons and melee attacks
   (-4).
   It protects you from poison.
   It affects your resistance to hostile enchantments.
   It lets you see invisible.
Magical Staves
 I - an uncursed staff of air {unknown}
   (You found it in an ice cave)
Jewellery
 h - an uncursed ring of magical power {MP+9}
   (You found it on level 12 of the Dungeon)
 k - a +2 ring of evasion {unknown}
   (You found it on level 13 of the Dungeon)
 v - a ring of magical power (left hand) {MP+9}
   (You took it off a goblin on level 3 of the Dungeon)
 K - an uncursed ring of ice {unknown}
   (You found it in an ice cave)
 N - an uncursed ring of protection from magic {unknown}
   (You took it off an orc on level 14 of the Dungeon)
 P - an uncursed ring of ice {unknown}
   (You found it on level 13 of the Dungeon)
 V - a ring of magical power (right hand) {MP+9}
   (You found it in a labyrinth)
Wands
 l - a wand of polymorph (25)
   (You found it on level 9 of the Dungeon)
 q - a wand of digging (45)
   (You found it on level 3 of the Dungeon)
 z - a wand of flame (55)
   (You found it on level 6 of the Dungeon)
 C - a wand of disintegration (33)
   (You found it on level 7 of the Dungeon)
 D - a wand of acid (6)
   (You found it in an ice cave)
 E - a wand of paralysis (10)
   (You found it in an ice cave)
 Y - a wand of clouds (6)
   (You took it off a crimson imp on level 11 of the Dungeon)
Scrolls
 e - 9 scrolls of remove curse
 g - 2 scrolls of amnesia
 i - 4 scrolls of fog
 n - 10 scrolls of magic mapping {!r}
 o - a scroll of holy word {unknown}
 s - a scroll of teleportation
 u - 2 scrolls of blinking {!r}
 w - a scroll of immolation {!r}
 x - 2 scrolls of enchant weapon
 A - 4 scrolls of fear
 F - a scroll of brand weapon {unknown}
 O - 2 scrolls of enchant armour
 R - 4 scrolls of summoning
 S - a scroll of identify
Potions
 a - a potion of agility {unknown}
 f - 2 potions of flight
 m - 5 potions of curing
 r - a potion of resistance
 B - a potion of invisibility
 G - 2 potions of brilliance
Books
 H - Sif Muna's Grimoire of Spatial Necromancy
   (You found it in an ice cave)

   Spells                             Type                      Level
   a - Animate Skeleton               Necromancy                   1
   b - Shroud of Golubria             Charms/Translocation         2
   c - Vampiric Draining              Necromancy                   3
   d - Bolt of Draining               Conjuration/Necromancy       5
   e - Simulacrum                     Ice/Necromancy               6
Miscellaneous
 y - a box of beasts
 J - 2 sacks of spiders
 W - a phantom mirror
 Z - a fan of gales
   (You found it on level 11 of the Dungeon)
Comestibles
 c - 8 rations


   Skills:
 + Level 7.7 Fighting
 + Level 5.4 Maces & Flails
 + Level 3.5 Armour
 + Level 6.1 Dodging
 * Level 6.8 Stealth
 + Level 9.7 Spellcasting
 + Level 6.0 Charms
 + Level 12.4 Necromancy
 + Level 8.6 Earth Magic
 + Level 7.8 Invocations


You had 19 spell levels left.
You knew the following spells:

 Your Spells              Type           Power        Failure   Level  Hunger
a - Pain                  Necr           ####         1%          1    None
b - Borgnjor's Vile Clut  Necr/Erth      ######....   3%          5    #####..
r - Regeneration          Chrm/Necr      #####.....   1%          3    None
x - Vampiric Draining     Necr           ######....   1%          3    None


Dungeon Overview and Level Annotations

Branches:
Dungeon (14/15)            Temple (0/1) D:5            Lair (1/6) D:11
    Orc (0/2) D:10         Vaults (0/5) D:13

Altars:
Hepliaklqana
Makhleb
Okawaru
Sif Muna
Xom
The Shining One

Annotations:
D:3 ceb's ghost, amateur HOFi
D:9 homeworkjunkie's ghost, novice HOFi
Lair:1 ximkin's ghost, novice TrMo


Innate Abilities, Weirdness & Mutations

You have claws for feet.
You are partially covered in slimy green scales. (AC +2)
You are slightly more attuned to the shadows.
You regenerate health from kills.
Your magical capacity is low. (-10% MP)
Your muscles are strong. (Str +2)


Message History

You regained 2 hp, and now have 59/98 hp.
The centaur warrior skeleton closely misses you.
You regained 2 hp, and now have 61/98 hp.
You regained 2 hp, and now have 64/98 hp.
You regained 2 hp, and now have 66/98 hp.
Your skin stops crawling.
The centaur warrior skeleton hits you but does no damage.
The centaur warrior skeleton barely misses you.
The centaur warrior skeleton hits you but does no damage.
The centaur warrior skeleton hits you but does no damage.
The centaur warrior skeleton hits you.
You take 5 damage, and have 67/98 hp.
The centaur warrior skeleton hits you but does no damage.
The centaur warrior skeleton completely misses you.
The centaur warrior skeleton barely misses you.
The centaur warrior skeleton hits you but does no damage.
The centaur warrior skeleton hits you.
You take 1 damage, and have 75/98 hp.
The centaur warrior skeleton hits you but does no damage. x2
The slime creature quivers.
The centaur warrior skeleton barely misses you.
You hit the slime creature.
The centaur warrior skeleton misses you.
The slime creature misses you.
The centaur warrior skeleton closely misses you.
You hit the slime creature.
You claw the slime creature, but do no damage.
The slime creature closely misses you.
The centaur warrior skeleton hits you but does no damage.
The slime creature hits you!
You take 6 damage, and have 73/98 hp.
You puncture the slime creature!
You claw the slime creature, but do no damage.
The centaur warrior skeleton hits you but does no damage.
The centaur warrior skeleton barely misses you.
The slime creature misses you.
You puncture the slime creature! Your kick misses the slime creature.
The centaur warrior skeleton hits you but does no damage.
The slime creature misses you. The slime creature barely misses you.
You hit the slime creature.
The centaur warrior skeleton hits you but does no damage.
The slime creature hits you! The slime creature misses you.
The centaur warrior skeleton hits you but does no damage.
You take 8 damage, and have 66/98 hp.
Your skin crawls.
The slime creature hits you!
The centaur warrior skeleton hits you but does no damage.
The slime creature misses you.
You take 14 damage, and have 52/98 hp.
You now have 39/42 mp.
You hit the slime creature but do no damage.
The centaur warrior skeleton misses you.
The slime creature barely misses you. The slime creature hits you!
The centaur warrior skeleton completely misses you.
The slime creature hits you but does no damage.
You take 8 damage, and have 44/98 hp.
You hit the slime creature.
You claw the slime creature, but do no damage.
The slime creature barely misses you.
The centaur warrior skeleton hits you but does no damage.
The slime creature hits you.
The slime creature hits you but does no damage.
You take 4 damage, and have 40/98 hp.
You sock the slime creature!
You claw the slime creature, but do no damage.
The centaur warrior skeleton hits you. The slime creature hits you!
* * * LOW HITPOINT WARNING * * *
The centaur warrior skeleton completely misses you.
The slime creature hits you!
* * * LOW HITPOINT WARNING * * *
You take 29 damage, and have 11/98 hp.
MASSIVE DAMAGE!!
The centaur warrior skeleton hits you but does no damage.
The centaur warrior skeleton hits you but does no damage.
You regained 2 hp, and now have 14/98 hp.
A deep elf mage comes into view. It is wielding a long sword.
You regained 2 hp, and now have 16/98 hp.
What are your orders? t - Shout!
Orders for allies: a - Attack new target. r - Retreat! s - Stop attacking. g - Guard the area. f - Follow me.
Anything else - Cancel.
Okay, then.
As you read the scroll of fear, it crumbles to dust.
You assume a fearsome visage.
The deep elf mage looks frightened!
The centaur warrior skeleton is unaffected.
The slime creature looks frightened! x2; The centaur warrior skeleton hits you.
* * * LOW HITPOINT WARNING * * *
The deep elf mage prays for help.
The deep elf mage gestures wildly while chanting.
The deep elf mage blinks!
Decaying hands burst forth from the earth!
Your attack snaps the deep elf mage out of its fear.
Zombie hands grab the deep elf mage.
You are feeling very hungry.
The zombie hands constrict the deep elf mage.
The centaur warrior skeleton hits you.
* * * LOW HITPOINT WARNING * * *
The deep elf mage gestures at you while chanting.
The shard of ice hits you!
You die...

#######.# ##.#.## #.#..# #. #.#
####...#.####.#>.# #. #.#
#.....###.....?..###. #.#
#.##..).)............ #J#
#.###.#.####.........
#.#####J###.#..............
#.#........e÷..^)..........
#######......................###.
...>.####....J..@.########...# ##
####.####......Z..# #####
#...........>.(# ######.........#
#.........# #.........#
#..(......# ###########


You could see 2 slime creatures, a deep elf mage and a centaur warrior skeleton.

Vanquished Creatures
  A frost giant (IceCv)
  A minotaur (Lab)
  4 two-headed ogres
  2 centaur warriors
  2 death yaks (IceCv)
  A hydra (D:14)
  A skeletal warrior (D:13)
  2 unseen horrors (D:11)
  Pikel (D:7)
  A necromancer (D:13)
  A deep elf mage (D:13)
  An ugly thing (D:11)
  A cyclops (D:13)
  4 centaur zombies
  An ice statue (IceCv)
  A black mamba (shapeshifter) (D:13)
  A spiny frog (Lair:1)
  2 gargoyles
  A rime drake (shapeshifter) (D:14)
  A kobold demonologist (D:13)
  2 ice devils (D:13)
  4 yaktaurs (D:13)
  14 polar bears (IceCv)
  Grinder (D:5)
  6 trolls
  2 meliai zombies
  A hippogriff (D:10)
  A spriggan (D:8)
  3 water elementals (D:12)
  2 redbacks (Lab)
  34 yaks
  2 wyverns
  3 wraiths
  7 basilisks
  A vampire (D:13)
  8 vampire mosquitoes
  2 hungry ghosts (Lab)
  Menkaure (D:4)
  A soldier ant (D:11)
  Duvessa (D:4)
  2 water moccasins
  A porcupine (D:11)
  A sky beast (D:5)
  A slave (D:7)
  4 ice beasts
  An eye of draining (D:11)
  A phantom (D:7)
  6 ogres
  A hornet zombie (D:8)
  6 orc warriors
  14 wolves (IceCv)
  12 centaurs
  6 crocodiles
  3 big kobolds (D:13)
  6 bullfrogs
  Dowan (D:4)
  A wyvern skeleton (D:12)
  8 scorpions
  8 killer bees
  4 wights (D:8)
  A spriggan skeleton (Lab)
  4 electric eels (D:12)
  7 howler monkeys
  8 crimson imps
  3 bullfrog zombies
  5 hounds
  5 centaur skeletons
  A gnoll shaman (D:6)
  14 orc wizards
  4 bullfrog skeletons
  2 jellies
  8 orc priests
  Natasha (thrice) (D:4)
  9 iguanas
  12 worker ants
  5 yak simulacra (D:13)
  3 polar bear simulacra (D:13)
  A wolf simulacrum (D:13)
  An ogre skeleton (Lab)
  A worker ant zombie (D:6)
  6 gnolls
  A howler monkey skeleton (D:6)
  9 adders
  A shadow imp (D:10)
  2 oozes
  An adder skeleton (D:9)
  4 worms
  5 leopard geckos
  32 orcs
  2 ball pythons (D:3)
  8 bats
  11 giant cockroaches
  10 goblins
  4 hobgoblins
  10 jackals
  6 quokkas
  3 frilled lizards (D:1)
  6 kobolds
  A leopard gecko skeleton (D:4)
  A leopard gecko zombie (D:8)
  2 quokka skeletons (D:6)
  A quokka zombie (D:7)
  4 rats
  2 river rat simulacra (D:13)
  A plant (D:13)
443 creatures vanquished.

Vanquished Creatures (others)
  A polar bear (IceCv)
  A plant (D:11)
2 creatures vanquished.

Grand Total: 445 creatures vanquished

Notes
Turn   | Place    | Note
-------+----------+-------------------------------------------
     0 | D:1      | shakethe the Demonspawn Necromancer began the quest for the Orb.
     0 | D:1      | Reached XP level 1. HP: 13/13 MP: 3/3
   222 | D:1      | Gained mutation: You are partially covered in slimy green scales. (AC +2) [demonic ancestry]
   222 | D:1      | Reached XP level 2. HP: 17/19 MP: 1/5
   491 | D:2      | Reached skill level 5 in Necromancy
   533 | D:2      | Gained mutation: You regenerate a little health from kills. [demonic ancestry]
   533 | D:2      | Reached XP level 3. HP: 16/24 MP: 0/6
   567 | D:2      | Found a hazy altar of Hepliaklqana.
   732 | D:2      | Learned a level 3 spell: Vampiric Draining
   736 | D:2      | Learned a level 3 spell: Regeneration
   873 | D:2      | Reached XP level 4. HP: 30/30 MP: 5/8
  1204 | D:3      | Reached skill level 3 in Spellcasting
  1204 | D:3      | Reached skill level 6 in Necromancy
  1208 | D:3      | Noticed ceb's ghost (amateur HOFi)
  1433 | D:3      | Reached XP level 5. HP: 33/35 MP: 2/9
  2050 | D:3      | Found a burning altar of Makhleb.
  2060 | D:3      | Became a worshipper of Makhleb the Destroyer
  2113 | D:4      | Noticed Natasha
  2171 | D:4      | Noticed Menkaure
  2196 | D:4      | HP: 8/35 [jackal (2)]
  2207 | D:3      | HP: 8/35 [jackal (2)]
  2380 | D:4      | Reached skill level 7 in Necromancy
  2397 | D:3      | Gained mutation: You have sharp toenails. [demonic ancestry]
  2397 | D:3      | Reached XP level 6. HP: 32/41 MP: 3/11
  2406 | D:3      | Learned a level 5 spell: Borgnjor's Vile Clutch
  2483 | D:3      | HP: 13/61 [worker ant (3)]
  2856 | D:4      | Reached skill level 4 in Spellcasting
  2933 | D:4      | HP: 8/41 [something/puff of flame (9)]
  3398 | D:4      | Noticed Duvessa
  3398 | D:4      | Noticed Dowan
  3422 | D:4      | Reached skill level 8 in Necromancy
  3490 | D:4      | Gained mutation: You have razor-sharp toenails. [demonic ancestry]
  3490 | D:4      | Reached XP level 7. HP: 41/46 MP: 13/13
  3656 | D:5      | Entered Level 5 of the Dungeon
  3960 | D:5      | Reached * piety under Makhleb
  4018 | D:5      | Reached skill level 9 in Necromancy
  4182 | D:5      | Found a staircase to the Ecumenical Temple.
  4333 | D:5      | Noticed Grinder
  4341 | D:5      | Paralysed by Grinder for 3 turns
  4350 | D:5      | Paralysed by Grinder for 5 turns
  4364 | D:5      | HP: 11/46 [something (9)]
  4368 | D:5      | Killed Grinder
  4368 | D:5      | Reached skill level 5 in Spellcasting
  4368 | D:5      | Gained mutation: You regenerate health from kills. [demonic ancestry]
  4368 | D:5      | Reached XP level 8. HP: 12/52 MP: 1/15
  4371 | D:5      | Gained mutation: Your magical capacity is low. (-10% MP) [mutagenic glow]
  4815 | D:5      | HP: 13/52 [something (1)]
  4825 | D:5      | HP: 10/52 [orc wizard/magic dart (7)]
  4831 | D:5      | HP: 5/52 [orc/flail of draining (9)]
  4831 | D:5      | HP: 1/52 [orc/flail of draining (4)]
  5614 | D:6      | Reached skill level 10 in Necromancy
  5626 | D:6      | Found an iron altar of Okawaru.
  5626 | D:6      | Found a deep blue altar of Sif Muna.
  6195 | D:6      | Reached skill level 6 in Spellcasting
  6679 | D:6      | Found a glowing golden altar of the Shining One.
  7151 | D:7      | Reached skill level 1 in Earth Magic
  7436 | D:7      | Noticed Pikel
  7443 | D:7      | Killed Pikel
  7443 | D:7      | Reached skill level 3 in Earth Magic
  7443 | D:7      | Reached XP level 9. HP: 32/57 MP: 11/17
  7937 | D:4      | Killed Menkaure
  7937 | D:4      | Reached skill level 4 in Earth Magic
  8030 | D:4      | Killed Duvessa
  8030 | D:4      | Reached skill level 7 in Spellcasting
  8030 | D:4      | Reached skill level 1 in Charms
  8030 | D:4      | Killed Dowan
  8121 | D:4      | Killed Natasha
  8170 | D:4      | Reached ** piety under Makhleb
  8385 | D:4      | Noticed Natasha
  8391 | D:4      | Killed Natasha
  8476 | D:4      | Noticed Natasha
  8482 | D:4      | Killed Natasha
  8738 | D:8      | Noticed a two-headed ogre
  8757 | D:8      | Reached skill level 2 in Charms
  8761 | D:8      | Reached skill level 5 in Earth Magic
  8771 | D:8      | Killed a two-headed ogre
  8786 | D:8      | Reached skill level 3 in Charms
  8786 | D:8      | Reached skill level 6 in Earth Magic
  8879 | D:8      | Reached XP level 10. HP: 63/63 MP: 9/19
  8900 | D:8      | Reached skill level 2 in Dodging
  9009 | D:7      | Lost mutation: Your magical capacity is low. (-10% MP) [potion of mutation]
  9009 | D:7      | Gained mutation: Your muscles are strong. (Str +2) [potion of mutation]
  9009 | D:7      | Gained mutation: Your magical capacity is low. (-10% MP) [potion of mutation]
  9009 | D:7      | Gained mutation: You have claws for feet. [potion of mutation]
  9299 | D:8      | Reached skill level 1 in Fighting
  9959 | D:9      | Noticed homeworkjunkie's ghost (novice HOFi)
 10064 | D:9      | Reached skill level 1 in Invocations
 10078 | D:9      | Reached skill level 2 in Fighting
 10544 | D:9      | Found a shimmering altar of Xom.
 10911 | D:10     | Entered Level 10 of the Dungeon
 10911 | D:10     | Noticed a two-headed ogre
 10948 | D:10     | Reached skill level 1 in Maces & Flails
 10950 | D:10     | Reached skill level 11 in Necromancy
 10950 | D:10     | Reached skill level 2 in Invocations
 11043 | D:10     | Reached skill level 3 in Fighting
 11043 | D:10     | Reached skill level 8 in Spellcasting
 11091 | D:10     | Reached skill level 3 in Dodging
 11158 | D:10     | Reached *** piety under Makhleb
 11167 | D:10     | HP: 16/70 [wraith (4)]
 11174 | D:10     | HP: 15/70 [wraith (6)]
 11180 | D:10     | Reached skill level 4 in Charms
 11183 | D:10     | Reached skill level 2 in Maces & Flails
 11205 | D:10     | Reached skill level 3 in Invocations
 11442 | D:10     | Reached skill level 4 in Fighting
 11442 | D:10     | Gained mutation: You are slightly more attuned to the shadows. [demonic ancestry]
 11442 | D:10     | Reached XP level 11. HP: 77/77 MP: 20/20
 11562 | D:10     | HP: 14/77 [orc warrior/tomahawk (12)]
 11564 | D:10     | Killed a two-headed ogre
 11564 | D:10     | Reached skill level 2 in Stealth
 11650 | D:10     | Noticed a two-headed ogre
 11655 | D:10     | Killed a two-headed ogre
 11655 | D:10     | Reached skill level 7 in Earth Magic
 11722 | D:10     | Found a staircase to the Orcish Mines.
 11844 | D:11     | HP: 17/78 [something (5)]
 11947 | D:11     | Reached skill level 4 in Invocations
 12149 | D:11     | Reached skill level 5 in Fighting
 12184 | D:11     | Reached skill level 3 in Maces & Flails
 12416 | D:11     | HP: 19/79 [something (5)]
 12419 | D:11     | HP: 6/79 [something (8)]
 12420 | D:11     | HP: 1/79 [something (5)]
 12579 | D:11     | Found a staircase to the Lair.
 12614 | Lair:1   | Entered Level 1 of the Lair of Beasts
 12627 | Lair:1   | HP: 19/79 [spiny frog (7)]
 12628 | Lair:1   | Reached skill level 4 in Dodging
 12754 | Lair:1   | Reached **** piety under Makhleb
 12788 | Lair:1   | Noticed ximkin's ghost (novice TrMo)
 12841 | Lair:1   | HP: 18/80 [ximkin's ghost (6)]
 12904 | D:12     | Found a labyrinth entrance.
 12912 | D:12     | Reached skill level 3 in Stealth
 12932 | Lab      | Entered a labyrinth
 14633 | Lab      | Noticed a minotaur
 14641 | Lab      | Killed a minotaur
 14641 | Lab      | Reached skill level 5 in Invocations
 14648 | Lab      | Found the +18 shield of the Gong {rElec rN+ MR+ EV-5}
 14648 | Lab      | Got a spiked helmet
 14650 | Lab      | Identified the -4 helmet of Ileshrase {rPois MR+ Slay-4 SInv} (You found it in a labyrinth)
 14677 | D:12     | HP: 18/81 [water elemental (10)]
 14725 | D:12     | HP: 20/81 [vampire mosquito (9)]
 14725 | D:12     | HP: 6/81 [wraith (6)]
 14729 | D:11     | Noticed an unseen horror
 14755 | D:11     | Killed an unseen horror
 14872 | D:11     | Reached skill level 4 in Stealth
 14873 | D:11     | Reached skill level 6 in Fighting
 14891 | D:11     | Reached XP level 12. HP: 84/88 MP: 21/22
 16028 | D:12     | Reached skill level 4 in Maces & Flails
 16144 | D:12     | Found the +4 robe of Augmentation {Str+4 Int+4 Dex+4}
 16289 | D:12     | Found a deep blue altar of Sif Muna.
 16317 | D:12     | Noticed a two-headed ogre
 16324 | D:12     | Killed a two-headed ogre
 16324 | D:12     | Reached skill level 9 in Spellcasting
 16324 | D:12     | Reached skill level 6 in Invocations
 16470 | D:13     | Reached skill level 1 in Armour
 16514 | D:13     | Found a frozen archway.
 16523 | IceCv    | Entered an ice cave
 16527 | IceCv    | Reached skill level 5 in Dodging
 16562 | IceCv    | Reached skill level 5 in Stealth
 16564 | IceCv    | Reached skill level 5 in Charms
 16685 | IceCv    | Reached ***** piety under Makhleb
 16685 | IceCv    | Reached skill level 12 in Necromancy
 16736 | IceCv    | HP: 19/89 [something (17)]
 16737 | IceCv    | HP: 5/89 [something (17)]
 16807 | IceCv    | Reached skill level 8 in Earth Magic
 17058 | IceCv    | Reached skill level 7 in Fighting
 17082 | IceCv    | Reached skill level 2 in Armour
 17181 | IceCv    | Noticed a death yak
 17197 | IceCv    | Killed a death yak
 17197 | IceCv    | Reached XP level 13. HP: 96/96 MP: 2/23
 17417 | IceCv    | Noticed a frost giant
 17423 | IceCv    | Reached skill level 7 in Invocations
 17431 | IceCv    | Killed a frost giant
 17495 | IceCv    | Identified Sif Muna's Grimoire of Spatial Necromancy
 17570 | D:13     | Reached skill level 5 in Maces & Flails
 17661 | D:13     | Reached skill level 6 in Stealth
 17910 | D:13     | Reached skill level 3 in Armour
 18158 | D:13     | Found a gate to the Vaults.
 18358 | D:13     | Reached skill level 6 in Dodging
 18743 | D:14     | Reached skill level 6 in Charms
 19112 | D:14     | HP: 11/98 [slime creature (15)]
 19117 | D:14     | HP: 15/98 [centaur warrior skeleton (3)]
 19117 | D:14     | Killed from afar by a deep elf mage

Skill      XL: |  1  2  3  4  5  6  7  8  9 10 11 12 13 |
---------------+----------------------------------------+-----
Necromancy     | 5 6 7 8 9 10 11 12 | 12.4
Spellcasting   | 3 4 5 6 7 8 9 |  9.7
Earth Magic    | 3 6 7 8 |  8.6
Charms         | 3 4 5 6 |  6.0
Dodging        | 3 4 5 6 |  6.1
Fighting       | 4 6 7 |  7.7
Invocations    | 3 5 6 7 |  7.8
Maces & Flails | 2 3 4 5 |  5.4
Stealth        | 4 5 6 |  6.8
Armour         | 2 3 |  3.5

Action                   |  1- 3 |  4- 6 |  7- 9 | 10-12 | 13-15 || total
-------------------------+-------+-------+-------+-------+-------++-------
Melee: Club              |     8 |       |       |       |       ||     8
       Mace              |     2 |   108 |   419 |    29 |       ||   558
       Kick              |       |    11 |    88 |   135 |    61 ||   295
       Morningstar       |       |       |       |   459 |   162 ||   621
 Cast: Pain              |    45 |    78 |    46 |    24 |       ||   193
       Regeneration      |       |    18 |    15 |    52 |     8 ||    93
       Vampiric Draining |       |    17 |    13 |     3 |       ||    33
       Borgnjor's Vile C |       |       |    17 |   119 |    49 ||   185
  Use: Scroll            |     1 |       |       |    22 |     1 ||    24
       Potion            |       |     4 |     4 |     4 |       ||    12
 Stab: Sleeping          |       |     1 |     5 |     7 |     1 ||    14
       Distracted        |       |       |       |     2 |       ||     2
  Eat: Chunk             |       |     6 |    16 |    33 |    15 ||    70
       Ration            |       |     2 |     4 |     9 |     1 ||    16
Armor: Robe              |     7 |    85 |   178 |   103 |       ||   373
       Skin              |       |     4 |       |       |       ||     4
       Troll leather arm |       |       |       |   174 |    98 ||   272
Dodge: Dodged            |     6 |   166 |   309 |   493 |   201 ||  1175

Vault maps used:
D:1:      giann_horns, serial_curves, eino_curves_01, eino_curves_01
D:2:      overflow_temple_1_default
D:3:      marbit_many_paths, first_ration
D:4:      minmay_wonky_spiral, uniq_menkaure, uniq_natasha, uniq_duvessa
D:5:      minmay_temple_entry_water_ring, grunt_decor_cap, uniq_grinder
D:6:      gammafunk_temple_overflow_elements, tso_altar
D:7:      uniq_pikel
D:8:      the_bakery, minmay_door_square
D:9:      lemuel_statue_altar
D:10:     orc_0_dummy, hangedman_abyss_or_decor_clamps
D:11:     minmay_lair_entry_grove, st_stairs_1
D:12:     lab_entry_generic, lemuel_blue_sif_altar
D:13:     hangedman_vaults_entry_quadrant_bands, portal_ice_cave_demonic_guard,
          eino_house_with_fridge
D:14:     minmay_tree_intersection
Lair:1:   serial_bayou_shore_a
Lab:      lab_statue, nicolae_lab_do_over, labyrinth_skeletal_remains,
          lab_fountain, nicolae_lab_big_swirl
IceCv:    ice_cave_caverns_02

Table legend:
 A = Turns spent in this place as a percentage of turns spent in the entire game.
 B = Non-inter-level travel turns spent in this place as a percentage of non-inter-level travel turns spent in the entire game.
 C = Inter-level travel turns spent in this place as a percentage of turns spent in this place.
 D = Turns resting spent in this place as a percentage of non-inter-level travel turns spent in this place.
 E = Turns spent auto-exploring this place as a percentage of non-inter-level travel turns spent in this place.
 F = Non-inter-level travel turns spent in this place divided by the number of levels of this place that you've seen.
                   A       B       C       D       E      F
               +-------+-------+-------+-------+-------+----------------------
         Total | 100.0 | 100.0 |   1.0 |   6.6 |  28.7 | 1113.8
       Dungeon |  84.4 |  84.3 |   1.1 |   6.0 |  33.5 | 1139.6
          Lair |   1.2 |   1.2 |   0.0 |   0.0 |  38.2 | 228.0
     Labyrinth |   9.1 |   9.2 |   0.0 |   0.0 |   0.0 | 1739.0
      Ice Cave |   5.3 |   5.3 |   0.0 |  28.2 |   0.0 | 1012.0
               +-------+-------+-------+-------+-------+----------------------

Table legend:
 A = Kills in this place as a percentage of kills in entire the game.
 B = Kills by you in this place as a percentage of kills by you in the entire game.
 C = Kills by friends in this place as a percentage of kills by friends in the entire game.
 D = Other kills in this place as a percentage of other kills in the entire game.
 E = Experience gained in this place as a percentage of experience gained in the entire game.
 F = Experience gained in this place divided by the number of levels of this place that you have seen.
                   A       B       C       D       E      F
               +-------+-------+-------+-------+-------+----------------------
         Total | 100.0 | 100.0 |   N/A |   N/A | 100.0 | 3367.9
       Dungeon |  84.6 |  84.6 |   N/A |   N/A |  69.6 | 2845.8
          Lair |   1.1 |   1.1 |   N/A |   N/A |   1.4 | 814.0
     Labyrinth |   2.5 |   2.5 |   N/A |   N/A |   4.7 | 2710.0
      Ice Cave |  11.8 |  11.8 |   N/A |   N/A |  24.3 | 13889.0
               +-------+-------+-------+-------+-------+----------------------
